[Event "Titled Tuesday Blitz April 4 Early 2023"]
[White "Astafurov, Arseniy"]
[Black "Rohith Krishna S"]
[WhiteFideId "24175218"]
[BlackFideId "46617051"]
[WhiteElo "2163"]
[BlackElo "2270"]
[Result "0-1"]
[Round "03"]
[TimeControl "180+2"]
[Date "2023.04.04"]
[WhiteClock "0:00:12"]
[BlackClock "0:00:26"]

1. c4 f5 2. Nc3 g6 3. Nf3 Bg7 4. g3 Nf6 5. Bg2 O-O 6. d3 d6 7. O-O c6 8. e4 e5 9. Re1 a5 10. exf5 gxf5 11. d4 e4 12. Nh4 Be6 13. d5 cxd5 14. cxd5 Bd7 15. Bf4 Ra6 16. a4 Ng4 17. h3 Ne5 18. Bxe5 Bxe5 19. Bf1 Rb6 20. Qd2 Na6 21. Ng2 Nc5 22. Rad1 Rb4 23. Nf4 Qg5 24. h4 Qh6 25. Bb5 Bxb5 26. axb5 Bxf4 27. Qxf4 Qxf4 28. gxf4 Rxb2 29. b6 Rxb6 30. Rb1 Rxb1 31. Rxb1 Ra8 32. Nb5 Rd8 33. Nd4 Rf8 34. Nb5 Rf6 35. Kf1 Kf7 36. Ke2 Ke7 37. h5 Rh6 38. Rh1 Rf6 39. Rg1 Kf7 40. Rb1 a4 41. Ke3 Ke7 42. Nd4 Rf8 43. Rg1 a3 44. Ra1 Ra8 45. Nxf5+ Kf6 46. Nxd6 Kg7 47. Ra2 Ra6 48. Nc4 b5 49. Rxa3 bxc4 50. Rxa6 Nxa6 51. Kxe4 c3 52. Kd3 Nb4+ 53. Kxc3 Nxd5+ 54. Kd4 Nxf4 55. Ke4 Nxh5 56. Kf5 Nf6 57. Kg5 h6+ 58. Kf5 Kf7 59. f3 Kg7 60. Kf4 Kg6 61. Kg3 Kf5 62. Kh4 Kf4 0-1


[Site "https://www.chess.com"]

[Event "Titled Tuesday Blitz April 4 Early 2023"]
[White "Baches Garcia, Guillermo"]
[Black "Hasangatin, Ramil"]
[WhiteFideId "2209764"]
[BlackFideId "4122160"]
[WhiteElo "2479"]
[BlackElo "2275"]
[Result "0-1"]
[Round "03"]
[TimeControl "180+2"]
[Date "2023.04.04"]
[WhiteClock "0:00:20"]
[BlackClock "0:01:34"]

1. e4 d5 2. exd5 Qxd5 3. Nc3 Qd6 4. g3 Nf6 5. Bg2 c6 6. Nge2 Bf5 7. d3 e6 8. h3 h6 9. O-O Be7 10. b4 O-O 11. b5 Qc7 12. Rb1 Nd5 13. a4 Nd7 14. Ne4 N7f6 15. c4 Bxe4 16. dxe4 Nb6 17. Qb3 e5 18. Be3 Nbd7 19. f4 Bc5 20. Kh2 Bxe3 21. Qxe3 Qb6 22. Qxb6 axb6 23. fxe5 Nxe5 24. bxc6 bxc6 25. Rxb6 Rxa4 26. Rc1 Rd8 27. Rc2 c5 28. Rb5 Rc8 29. Nf4 Rxc4 30. Rxc4 Nxc4 31. Nd5 Nxd5 32. exd5 Kf8 33. h4 Ke7 34. Bh3 Rc7 35. Kg1 Nd6 36. Rb3 c4 37. Re3+ Kf6 0-1


[Site "https://www.chess.com"]

[Event "Titled Tuesday Blitz April 4 Early 2023"]
[White "Bettalli, Francesco"]
[Black "Iliaguev, Nisim"]
[WhiteFideId "2816453"]
[BlackFideId "2817276"]
[WhiteElo "2216"]
[BlackElo "2241"]
[Result "0-1"]
[Round "03"]
[TimeControl "180+2"]
[Date "2023.04.04"]
[WhiteClock "0:00:20"]
[BlackClock "0:00:26"]

1. d4 Nf6 2. Nc3 d5 3. Bf4 c5 4. e3 e6 5. Nf3 Bd6 6. dxc5 Bxf4 7. exf4 O-O 8. Bd3 Qc7 9. g3 Qxc5 10. O-O Nc6 11. Ne5 Bd7 12. Qe2 Rac8 13. Rad1 h6 14. g4 Qd6 15. Rfe1 a6 16. g5 hxg5 17. Nxc6 Bxc6 18. fxg5 Ne8 19. Qh5 g6 20. Bxg6 fxg6 21. Qxg6+ Ng7 22. Ne4 Be8 23. Qxg7+ Kxg7 24. Nxd6 Rxc2 25. Rxe6 Bc6 26. Rf1 d4 27. h4 Rf4 28. h5 Rg4+ 29. Kh2 Rxg5 30. h6+ Kh7 31. Nf7 Rf5 32. Re7 Rfxf2+ 33. Rxf2 Rxf2+ 34. Kg3 Rxb2 35. Kh4 Rxa2 36. Nd6+ Kxh6 37. Nf5+ Kg6 38. Nxd4 Ra4 39. Re6+ Kf7 40. Rd6 Ke7 0-1


[Site "https://www.chess.com"]

[Event "Titled Tuesday Blitz April 4 Early 2023"]
[White "Wahedi, Ahmad Siar"]
[Black "Krysa, Leandro"]
[WhiteFideId "4651260"]
[BlackFideId "116807"]
[WhiteElo "2251"]
[BlackElo "2489"]
[Result "0-1"]
[Round "03"]
[TimeControl "180+2"]
[Date "2023.04.04"]
[WhiteClock "0:00:16"]
[BlackClock "0:00:09"]

1. e4 c5 2. Nf3 Nc6 3. d4 cxd4 4. Nxd4 Nf6 5. Nc3 d6 6. g3 g6 7. Bg2 Nxd4 8. Qxd4 Bg7 9. O-O O-O 10. Bg5 Be6 11. Qd2 Rc8 12. Rfe1 Re8 13. Rad1 Nd7 14. Be3 Nb6 15. Bd4 Nc4 16. Qc1 Bxd4 17. Rxd4 Qb6 18. Rxc4 Rxc4 19. Nd1 Rec8 20. c3 R4c5 21. a3 a5 22. Ne3 Qb3 23. h3 h5 24. Re2 Kg7 25. Qe1 R5c7 26. Rd2 Qb5 27. Kh2 Qc5 28. f4 h4 29. gxh4 Rh8 30. Qg3 Qh5 31. f5 Bb3 32. fxg6 Qxg6 33. Qf4 Qf6 34. Qg3+ Kf8 35. Ng4 Qxh4 36. Qxh4 Rxh4 37. e5 dxe5 38. Nxe5 Be6 39. Kg3 Rh5 40. Rd8+ Kg7 41. Nf3 Rh8 42. Rd4 Rc5 43. Nd2 b5 44. Nf1 Rg5+ 45. Kf2 Rxg2+ 46. Kxg2 Bxh3+ 47. Kf2 Bxf1 48. Kxf1 Rh2 49. b4 axb4 50. Rxb4 Rc2 51. Rxb5 Rxc3 52. a4 Ra3 53. a5 Kg6 54. Kf2 f5 55. Rb6+ Kg5 56. a6 e5 57. Rb5 e4 58. Rb6 Kf4 59. Ke2 Ra2+ 60. Kd1 Kf3 61. Rf6 f4 62. Re6 e3 63. Kc1 e2 64. Kb1 Rxa6 0-1


[Site "https://www.chess.com"]

[Event "Titled Tuesday Blitz April 4 Early 2023"]
[White "Prohaszka, Peter"]
[Black "Goltseva, Ekaterina"]
[WhiteFideId "726265"]
[BlackFideId "24173770"]
[WhiteElo "2626"]
[BlackElo "2200"]
[Result "1-0"]
[Round "03"]
[TimeControl "180+2"]
[Date "2023.04.04"]
[WhiteClock "0:00:11"]
[BlackClock "0:00:04"]

1. d4 d5 2. c3 c5 3. dxc5 e5 4. b4 a5 5. e4 d4 6. cxd4 axb4 7. Bb2 exd4 8. Nf3 Bxc5 9. Nxd4 Nf6 10. Bb5+ Bd7 11. O-O O-O 12. Bxd7 Nbxd7 13. Nf5 Re8 14. Nd2 Ne5 15. Nb3 Qxd1 16. Raxd1 Bf8 17. f4 Nc4 18. Bxf6 gxf6 19. Rd4 b5 20. Rf2 Ra3 21. h4 Rea8 22. h5 Rxa2 23. Rxa2 Rxa2 24. Rd8 h6 25. Nxh6+ Kh7 26. Nf5 Rb2 27. Rxf8 Rxb3 28. Rxf7+ Kg8 29. Rg7+ Kh8 30. h6 Rb1+ 31. Kh2 Nd2 32. Nh4 Nf1+ 33. Kh3 Rb3+ 34. g3 Rxg3+ 35. Rxg3 Nxg3 36. Kxg3 b3 37. Nf3 b2 38. Nd2 1-0


[Site "https://www.chess.com"]

[Event "Titled Tuesday Blitz April 4 Early 2023"]
[White "KorolDimitriy75"]
[Black "De La Colina, Nicolas"]
[BlackFideId "30946921"]
[WhiteElo "2470"]
[BlackElo "2046"]
[Result "0-1"]
[Round "03"]
[TimeControl "180+2"]
[Date "2023.04.04"]
[WhiteClock "0:00:02"]
[BlackClock "0:00:10"]

1. d4 g6 2. c4 Bg7 3. Nf3 d6 4. Nc3 Nf6 5. e4 O-O 6. Be2 Nbd7 7. O-O e5 8. Re1 c6 9. Bf1 Re8 10. Rb1 h6 11. h3 Qe7 12. b4 exd4 13. Nxd4 d5 14. cxd5 Nxd5 15. Nxd5 cxd5 16. Nb5 Nb6 17. Bf4 Rd8 18. exd5 Qf8 19. Nc7 Rb8 20. d6 Bf5 21. Bd3 Bxd3 22. Qxd3 Rd7 23. Rbd1 Rbd8 24. Nd5 Nc8 25. Ne7+ Kh8 26. Nxc8 Rxc8 27. Qd5 Rcd8 28. a3 Kh7 29. Bg3 Qg8 30. Qc5 b6 31. Qc6 Bf8 32. Rd5 g5 33. Red1 Qg6 34. Qc4 Qe6 35. Qd3+ Kg8 36. Re5 Qf6 37. Rf5 Qg6 38. Rd5 Qe6 39. Re5 Qa2 40. Rd5 a5 41. Kh2 axb4 42. axb4 Qa4 43. Qd4 Qc2 44. Qxb6 Qg6 45. Qd4 Bg7 46. Qd3 Qe6 47. b5 Bf6 48. b6 h5 49. Qf5 h4 0-1


[Site "https://www.chess.com"]

[Event "Titled Tuesday Blitz April 4 Early 2023"]
[White "Bronstein, Or"]
[Black "Santos Flores, Alberto"]
[WhiteFideId "2815770"]
[BlackFideId "3601234"]
[WhiteElo "2356"]
[BlackElo "2235"]
[Result "1/2-1/2"]
[Round "03"]
[TimeControl "180+2"]
[Date "2023.04.04"]
[WhiteClock "0:00:14"]
[BlackClock "0:00:05"]

1. Nf3 c5 2. e4 Nc6 3. Nc3 g6 4. Bb5 Bg7 5. O-O Nf6 6. e5 Ng4 7. Bxc6 dxc6 8. Re1 O-O 9. h3 Nh6 10. d3 Nf5 11. Bf4 Nd4 12. Nxd4 cxd4 13. Ne4 f5 14. Nd2 h6 15. h4 Be6 16. Nf3 c5 17. Qd2 Kh7 18. c4 dxc3 19. Qxc3 b6 20. d4 Bd5 21. dxc5 Bxf3 22. Qxf3 bxc5 23. b3 e6 24. g3 Qd5 25. Qe2 Rfd8 26. Rad1 Qc6 27. Qc4 Rd5 28. b4 Rc8 29. b5 Qd7 30. Rxd5 exd5 31. Qe2 Qe6 32. a4 d4 33. Rc1 c4 34. Qd2 Bxe5 35. Bxe5 Qxe5 36. Qb4 c3 37. a5 d3 38. b6 axb6 39. axb6 d2 40. Ra1 Qe1+ 41. Kh2 Qxa1 42. Qe7+ Kh8 43. Qf6+ Kh7 44. Qf7+ Kh8 45. Qf6+ Kh7 46. h5 gxh5 47. Qf7+ Kh8 48. Qf6+ Kh7 49. Qf7+ Kh8 50. Qf6+ Kh7 1/2-1/2


[Site "https://www.chess.com"]

[Event "Titled Tuesday Blitz April 4 Early 2023"]
[White "WindWhistler11"]
[Black "Kosteniuk, Alexandra"]
[BlackFideId "4128125"]
[WhiteElo "2465"]
[BlackElo "2453"]
[Result "1/2-1/2"]
[Round "03"]
[TimeControl "180+2"]
[Date "2023.04.04"]
[WhiteClock "0:00:06"]
[BlackClock "0:00:09"]

1. Nf3 f5 2. g3 Nf6 3. d3 g6 4. Bg2 Bg7 5. O-O O-O 6. Nbd2 d5 7. e4 dxe4 8. dxe4 Nc6 9. Qe2 f4 10. e5 Nh5 11. Nb3 Kh8 12. Rd1 Qe8 13. e6 h6 14. Nc5 g5 15. Nd7 Bxd7 16. exd7 Qf7 17. g4 Nf6 18. h3 Rad8 19. Qb5 Nxd7 20. Bd2 Nb6 21. Bc3 Qc4 22. Rxd8 Rxd8 23. Qf5 Bxc3 24. bxc3 Qxc3 25. Re1 Qf6 26. Qb5 Rd6 27. h4 Rd5 28. Qb3 gxh4 29. Nxh4 Nd4 30. Qh3 Rg5 31. Nf3 Nxf3+ 32. Bxf3 Kg7 33. Bxb7 c6 34. Qf3 Nd5 35. Kf1 Re5 36. c4 Rxe1+ 37. Kxe1 Nb4 38. Kf1 c5 39. Kg2 Qg5 40. Be4 e5 41. Kg1 h5 42. Kf1 Qxg4 43. Qa3 Qd1+ 44. Kg2 Qd7 45. Qa5 Qe7 46. Qb5 h4 47. Kh2 Kh6 48. a3 Qg7 49. axb4 cxb4 50. Qxb4 Qf6 51. Qb5 f3 52. Qd5 Qf4+ 53. Kh1 Qc1+ 54. Kh2 Qf4+ 55. Kh3 Kg5 56. Qe6 Qxe4 57. Qe7+ Kg6 58. Qe6+ Kg5 59. Qe7+ Kh5 60. Qf7+ Kh6 61. Qf6+ Kh7 62. Qf7+ Kh6 63. Qf6+ Qg6 64. Qxe5 Qg2+ 65. Kxh4 Qxf2+ 66. Kg4 Qg2+ 67. Kh4 Qh1+ 68. Kg4 Qg2+ 69. Kh4 f2 70. Qf6+ Kh7 71. Qf7+ Kh6 72. Qf6+ Qg6 73. Qxf2 Qe4+ 74. Kg3 Qd3+ 75. Qf3 Qxc4 76. Qf4+ Qxf4+ 77. Kxf4 a5 78. Ke5 a4 79. Kd4 a3 80. Kc3 a2 81. Kb2 a1=Q+ 82. Kxa1 1/2-1/2


[Site "https://www.chess.com"]

[Event "Titled Tuesday Blitz April 4 Early 2023"]
[White "Iskusnyh, Sergei"]
[Black "Przybylski, Wojciech"]
[WhiteFideId "4120027"]
[BlackFideId "1117599"]
[WhiteElo "2492"]
[BlackElo "2222"]
[Result "0-1"]
[Round "03"]
[TimeControl "180+2"]
[Date "2023.04.04"]
[WhiteClock "0:00:01"]
[BlackClock "0:00:04"]

1. d4 Nf6 2. c4 e6 3. g3 Bb4+ 4. Bd2 Be7 5. Bg2 d5 6. Nf3 O-O 7. O-O Nbd7 8. Qc2 c6 9. a3 a5 10. Bc3 Ne4 11. Nbd2 f5 12. e3 b5 13. c5 Rb8 14. b4 a4 15. Bb2 Nxd2 16. Qxd2 Nf6 17. Ne5 Bd7 18. f3 Be8 19. Rfe1 Rc8 20. Rad1 Bh5 21. Nd3 g5 22. Ne5 g4 23. f4 Ne4 24. Bxe4 dxe4 25. Kf2 Qd5 26. Rh1 Bf6 27. Rdg1 Bxe5 28. fxe5 Bg6 29. Ke1 h5 30. Kd1 Rcd8 31. Kc1 Rf7 32. Qf2 Qc4+ 33. Kb1 Qd3+ 34. Ka1 Kg7 35. Rc1 Qb3 36. Qf4 Rh8 37. h3 Qd5 38. Qg5 Qb3 39. Rcf1 Qd5 40. hxg4 fxg4 41. Rf6 Rxf6 42. Qxf6+ Kh7 43. Qe7+ Kh6 44. Qd6 Qxd6 45. cxd6 Rf8 46. Rc1 Be8 47. Rg1 Rf3 48. Bc1 Bd7 49. Kb2 Kg5 50. Kc3 h4 51. gxh4+ Kxh4 52. Bd2 g3 53. Rh1+ Kg4 54. Rh7 Be8 55. Re7 Rf8 56. Rg7+ Kf3 57. d7 Bxd7 58. Rxd7 Rg8 59. Rf7+ Ke2 60. Rf6 g2 61. Rxe6 g1=Q 62. Rxc6 Qb1 0-1


[Site "https://www.chess.com"]

[Event "Titled Tuesday Blitz April 4 Early 2023"]
[White "EREBUNI91"]
[Black "Shubenkova, Veronika"]
[BlackFideId "44124040"]
[WhiteElo "2679"]
[BlackElo "2027"]
[Result "1-0"]
[Round "03"]
[TimeControl "180+2"]
[Date "2023.04.04"]
[WhiteClock "0:00:54"]
[BlackClock "0:00:11"]

1. e4 e6 2. d4 d5 3. Nc3 Nf6 4. Bg5 Be7 5. e5 Nfd7 6. h4 h6 7. Bxe7 Qxe7 8. Qg4 g6 9. O-O-O h5 10. Qf4 a6 11. Nf3 c5 12. dxc5 Nxc5 13. Ng5 Nc6 14. Rxd5 exd5 15. Nxd5 Qxe5 16. Nc7+ Ke7 17. Qxf7+ Kd8 18. Bc4 Rb8 19. Rd1+ Bd7 20. Nce6+ Kc8 21. Nxc5 Bf5 22. Be6+ Bxe6 23. Ngxe6 Rd8 24. Rxd8+ Nxd8 25. Qd7# 1-0


[Site "https://www.chess.com"]

[Event "Titled Tuesday Blitz April 4 Early 2023"]
[White "Salemgareev, Tagir"]
[Black "Fieberg, Samuel"]
[WhiteFideId "24199052"]
[BlackFideId "12901717"]
[WhiteElo "2360"]
[BlackElo "2460"]
[Result "1-0"]
[Round "03"]
[TimeControl "180+2"]
[Date "2023.04.04"]
[WhiteClock "0:00:10"]
[BlackClock "0:00:02"]

1. d4 e6 2. Nf3 f5 3. g3 Nf6 4. Bg2 d5 5. O-O c6 6. c4 Bd6 7. Nc3 O-O 8. Rb1 a5 9. a3 Na6 10. c5 Bb8 11. b4 axb4 12. axb4 Nc7 13. Bf4 Nb5 14. Nxb5 cxb5 15. Bxb8 Rxb8 16. Ra1 Bd7 17. Ne5 Ra8 18. Qb3 Bc6 19. Rxa8 Qxa8 20. Qb2 Qc8 21. Ra1 Nd7 22. Nd3 Qc7 23. Nf4 Re8 24. h4 g6 25. e3 Kg7 26. Bf1 h6 27. Ne2 g5 28. hxg5 hxg5 29. Nc3 Rh8 30. Nxb5 Bxb5 31. Bxb5 Nf6 32. Ra7 Kg6 33. Bf1 Qh7 34. Bg2 Qh5 35. Qc2 Ne4 36. b5 Rc8 37. b6 Rb8 38. Ra1 Rc8 39. Qd1 Qh6 40. Ra7 Rh8 41. Rxb7 Qh2+ 42. Kf1 Ra8 43. Ra7 Rb8 44. b7 g4 45. c6 Ng5 46. c7 Rh8 47. b8=Q Nf3 48. Bxf3 gxf3 49. Qxf3 Rxb8 50. cxb8=Q Qh6 51. Qg8+ Kf6 52. Rf7# 1-0


[Site "https://www.chess.com"]

[Event "Titled Tuesday Blitz April 4 Early 2023"]
[White "Jumanov, Elbek"]
[Black "Vlassov, Nikolai"]
[WhiteFideId "14202905"]
[BlackFideId "4103360"]
[WhiteElo "2055"]
[BlackElo "2324"]
[Result "1-0"]
[Round "03"]
[TimeControl "180+2"]
[Date "2023.04.04"]
[WhiteClock "0:00:12"]
[BlackClock "0:00:05"]

1. c4 e5 2. g3 h5 3. d4 exd4 4. Qxd4 h4 5. Bg2 Nc6 6. Qd1 Nf6 7. Bg5 Bc5 8. Bxh4 g5 9. Bxg5 Bxf2+ 10. Kxf2 Ng4+ 11. Ke1 Qxg5 12. Qd2 Ne3 13. Nf3 Nxg2+ 14. Kf2 Qc5+ 15. Kxg2 d6 16. h4 Qxc4 17. Nc3 Be6 18. Rac1 O-O-O 19. a4 Rdg8 20. Ng5 Bd7 21. Nce4 Qxa4 22. Nf6 Ne5 23. Qxd6 Bc6+ 24. Rxc6 Nxc6 25. Qd7+ Kb8 26. Nxg8 Rxg8 27. Qxf7 Rc8 28. h5 Ne5 29. Qf4 Qb5 30. h6 Qxe2+ 31. Qf2 Qxf2+ 32. Kxf2 Rh8 33. h7 Kc8 34. Ke3 Kd7 35. Kf4 Ng6+ 36. Kf5 Nf8 37. Kf6 Nxh7+ 38. Rxh7+ Rxh7 39. Nxh7 a5 40. g4 a4 41. g5 b5 42. g6 b4 43. g7 a3 44. bxa3 b3 45. g8=Q b2 46. Qb3 1-0


[Site "https://www.chess.com"]

[Event "Titled Tuesday Blitz April 4 Early 2023"]
[White "Nguyen Hong Nhung"]
[Black "Sieciechowicz, Marcin"]
[WhiteFideId "12412201"]
[BlackFideId "1130170"]
[WhiteElo "1968"]
[BlackElo "2302"]
[Result "1-0"]
[Round "03"]
[TimeControl "180+2"]
[Date "2023.04.04"]
[WhiteClock "0:00:08"]
[BlackClock "0:00:01"]

1. e4 c5 2. Nc3 d6 3. f4 g6 4. Nf3 Bg7 5. Bc4 Nc6 6. O-O Nf6 7. d3 O-O 8. Qe1 Nd4 9. Nxd4 cxd4 10. Nd5 Nxd5 11. Bxd5 e6 12. Bb3 a5 13. a4 Kh8 14. Qg3 f5 15. Bd2 fxe4 16. dxe4 Qb6 17. Kh1 Bd7 18. Rf3 Qc5 19. Qh4 Bf6 20. Qg4 Qc8 21. Rh3 Qe8 22. Rf1 Qe7 23. Qxg6 b5 24. axb5 Bxb5 25. Rff3 Rg8 26. Qh5 a4 27. Ba2 Be2 28. f5 exf5 29. Bxg8 Rxg8 30. Qxf5 Bxf3 31. Rxf3 Be5 32. g3 Qb7 33. Bf4 Bg7 34. Bxd6 Qxb2 35. e5 a3 36. Bxa3 Qb1+ 37. Rf1 Qb7+ 38. Kg1 Qd5 39. Bd6 Qc6 40. Rf2 Qb6 41. Kg2 Qc6+ 42. Qf3 Qb6 43. Qe4 Re8 44. Qd3 Qc6+ 45. Qf3 Qc4 46. Qf7 Qc6+ 47. Qf3 Qc4 48. Re2 Rg8 49. e6 Qc8 50. e7 Re8 51. Bb4 Qd7 52. Qe4 Kg8 53. Kg1 Kh8 54. Rf2 Kg8 55. Bc5 Qc7 56. Rf5 Qd7 57. Qg4 Qc8 58. Rf8+ Rxf8 59. exf8=Q+ Qxf8 60. Bxf8 1-0


[Site "https://www.chess.com"]

[Event "Titled Tuesday Blitz April 4 Early 2023"]
[White "Andreev, Konstantin"]
[Black "Malek, Jan"]
[WhiteFideId "24239305"]
[BlackFideId "21864080"]
[WhiteElo "2106"]
[BlackElo "2255"]
[Result "1-0"]
[Round "03"]
[TimeControl "180+2"]
[Date "2023.04.04"]
[WhiteClock "0:00:17"]
[BlackClock "0:00:08"]

1. e4 c5 2. Nf3 Nc6 3. Nc3 e5 4. Bc4 Bd6 5. d3 Nge7 6. Ng5 Rf8 7. Qh5 Ng6 8. Nxh7 Rh8 9. Qf5 Qe7 10. Bg5 Nd4 11. Qg4 Rxh7 12. Bxe7 Bxe7 13. Qd1 d6 14. Nd5 Bd8 15. c3 Nc6 16. Qe2 Be6 17. O-O-O a6 18. a4 Rb8 19. Bb3 b5 20. g3 Nf8 21. f4 Na5 22. Bc2 b4 23. cxb4 cxb4 24. d4 b3 25. Bd3 Nd7 26. dxe5 dxe5 27. f5 Bxd5 28. exd5 Nc5 29. Kb1 Nxd3 30. Qxd3 Rh6 31. Rhe1 Bc7 32. Qc3 Kd7 33. d6 Bxd6 34. Qxa5 Rc8 35. Qxa6 Rc6 36. Qb7+ Rc7 37. Qb5+ Ke7 38. Rd5 Rc2 39. Qxb3 Rf2 40. Red1 Rf6 41. Qb7+ Kf8 42. Rxd6 1-0


[Site "https://www.chess.com"]

[Event "Titled Tuesday Blitz April 4 Early 2023"]
[White "Domingo Nunez, Alejandro"]
[Black "Namitbir Singh Walia"]
[WhiteFideId "22245561"]
[BlackFideId "35071068"]
[WhiteElo "2291"]
[BlackElo "2239"]
[Result "0-1"]
[Round "03"]
[TimeControl "180+2"]
[Date "2023.04.04"]
[WhiteClock "0:01:16"]
[BlackClock "0:01:12"]

1. e4 e5 2. Nf3 Nc6 3. Bc4 Nf6 4. d3 Be7 5. O-O O-O 6. Re1 d6 7. a4 Na5 8. Ba2 c5 9. Bg5 h6 10. Bxf6 Bxf6 11. Nc3 g6 12. Nd5 Bg7 13. c3 Nc6 14. b4 cxb4 15. cxb4 Be6 16. b5 Ne7 17. Rc1 Nxd5 18. exd5 Bd7 19. Qb3 Qa5 20. Qa3 Bxb5 21. Qxd6 Qxa4 22. Ra1 e4 23. dxe4 Bxa1 24. Rxa1 Qxe4 25. Qc5 a6 26. d6 Rac8 27. Qa3 Qd3 28. Qb4 Qc3 29. Qb1 Bc4 30. Bxc4 Rxc4 31. h3 Rc6 32. Qxb7 Qxa1+ 0-1


[Site "https://www.chess.com"]

[Event "Titled Tuesday Blitz April 4 Early 2023"]
[White "Petrova, Irina"]
[Black "Bodnaruk, Anastasia"]
[WhiteFideId "14124122"]
[BlackFideId "4181751"]
[WhiteElo "2084"]
[BlackElo "2310"]
[Result "1/2-1/2"]
[Round "03"]
[TimeControl "180+2"]
[Date "2023.04.04"]
[WhiteClock "0:01:04"]
[BlackClock "0:00:04"]

1. e4 c5 2. Nf3 d6 3. Bb5+ Nd7 4. O-O a6 5. Bxd7+ Bxd7 6. d4 cxd4 7. Qxd4 e5 8. Qd3 h6 9. a4 Nf6 10. c4 b6 11. Nc3 Be7 12. Rd1 O-O 13. b3 Rc8 14. Ba3 Rc6 15. Nd2 Qc8 16. Nf1 Be6 17. Ne3 Rd8 18. Ned5 Bxd5 19. Nxd5 Nxd5 20. Qxd5 Rc7 21. Rd3 Rc5 22. Bxc5 dxc5 23. Qxe5 Bf6 24. Rxd8+ Qxd8 25. Qd5 Qxd5 26. exd5 Bxa1 27. f4 f5 28. Kf2 Kf7 29. Kf3 Ke7 30. h3 Kd6 31. Ke2 g5 32. Kf3 Bf6 33. g4 fxg4+ 34. Kxg4 b5 35. axb5 axb5 36. fxg5 hxg5 37. Kf5 Bd8 38. Ke4 b4 39. Kf5 Be7 40. Ke4 Kd7 41. Kf5 Kd6 42. Ke4 Kc7 43. Kf5 Kd7 44. Ke5 Bd6+ 45. Kf5 Be7 46. Ke5 Bd8 47. Kf5 Ke8 48. Ke6 Bc7 49. Kf6 Bd8+ 50. Ke6 Bc7 51. Kf5 Bf4 52. h4 Bd2 53. hxg5 Ke7 54. g6 Bh6 55. Ke5 Bg7+ 56. Kf5 Kd6 57. Ke4 Bf6 58. Kf5 Bg7 59. Ke4 Ke7 60. Kf5 Bh8 61. Ke4 Kf6 62. d6 Ke6 63. d7 Kxd7 64. Kd5 Bd4 65. g7 Bxg7 66. Kxc5 Bc3 67. Kb6 Kc8 68. Kc6 Bd2 69. c5 Be3 70. Kb5 Bd2 71. Kc6 Be1 72. Kb6 Kb8 73. Kc6 Kc8 74. Kb6 Bf2 75. Kb5 Be1 76. Kc6 Kb8 77. Kb6 Kc8 78. Kc6 Kd8 79. Kd6 Bg3+ 80. Kc6 Bf2 81. Kb5 Be1 82. Kc6 Kc8 1/2-1/2


[Site "https://www.chess.com"]

[Event "Titled Tuesday Blitz April 4 Early 2023"]
[White "Manukyan, Sargis A."]
[Black "NiklasSchmider"]
[WhiteFideId "13303970"]
[WhiteElo "2187"]
[BlackElo "2443"]
[Result "1-0"]
[Round "03"]
[TimeControl "180+2"]
[Date "2023.04.04"]
[WhiteClock "0:00:18"]
[BlackClock "0:00:05"]

1. d4 d5 2. c4 e6 3. Nc3 c6 4. e3 Nf6 5. Nf3 Nbd7 6. Bd3 dxc4 7. Bxc4 b5 8. Bd3 Bd6 9. e4 e5 10. O-O O-O 11. Bg5 h6 12. Bh4 Qe7 13. Qc2 a6 14. a3 exd4 15. Nxd4 Ne5 16. Be2 Bc5 17. Nf5 Qe6 18. b4 Bb6 19. Rad1 Bc7 20. f4 Ng6 21. Nd4 Bb6 22. Bf2 Qe8 23. e5 Ng4 24. g3 Nxf2 25. Rxf2 a5 26. Ne4 axb4 27. axb4 Nxe5 28. fxe5 Qxe5 29. Nc5 Rd8 30. Nxc6 Rxd1+ 31. Qxd1 Qc7 32. Bxb5 Bb7 33. Nd4 Bxc5 34. bxc5 Qxc5 35. Bf1 Rd8 36. Rd2 Qc3 37. Bg2 Qe3+ 38. Kh1 Bxg2+ 39. Kxg2 Qe4+ 40. Nf3 Re8 41. Kf2 Qe3+ 42. Kf1 Qe4 43. Rf2 Qc4+ 44. Kg2 g5 45. Qf1 Qc6 46. h3 h5 47. g4 hxg4 48. hxg4 f6 49. Kg1 Qe4 50. Nh2 Re6 51. Qg2 Qe1+ 52. Rf1 Qe3+ 53. Kh1 Qd4 54. Qf3 Kg7 55. Qf5 Qb6 56. Rd1 Qc6+ 57. Qd5 Qe8 58. Qd7+ Qxd7 59. Rxd7+ Kg6 60. Kg2 Re3 61. Nf3 Re4 62. Kg3 f5 63. Rd6+ Kg7 64. gxf5 Rf4 65. Nd4 Re4 66. Ne6+ Kf6 67. Nc5+ Kxf5 68. Nxe4 Kxe4 69. Rg6 1-0


[Site "https://www.chess.com"]

[Event "Titled Tuesday Blitz April 4 Early 2023"]
[White "Becerra, Juan David"]
[Black "Fishchuk, Vladyslav"]
[WhiteFideId "4404998"]
[BlackFideId "34122117"]
[WhiteElo "2276"]
[BlackElo "2082"]
[Result "0-1"]
[Round "03"]
[TimeControl "180+2"]
[Date "2023.04.04"]
[WhiteClock "0:00:30"]
[BlackClock "0:00:11"]

1. e4 c5 2. Nf3 Nf6 3. Nc3 d5 4. e5 Nfd7 5. d4 cxd4 6. Qxd4 e6 7. Bg5 Qa5 8. O-O-O Nc6 9. Qf4 h6 10. Bh4 g5 11. Bxg5 hxg5 12. Nxg5 Ncxe5 13. Bb5 Bd6 14. Qf6 Rg8 15. f4 Qxb5 16. Nxb5 Nxf6 17. Nxd6+ Kd7 18. fxe5 Rxg5 19. Nxc8 Rxe5 20. Rhf1 Rf5 21. g4 Nxg4 22. Rxf5 exf5 23. Rxd5+ Kxc8 24. Rxf5 f6 25. h3 Ne5 26. Rxf6 Kd7 27. Rh6 Rf8 28. b3 Rf2 29. a4 Rh2 30. h4 Nf3 31. h5 Nd4 32. Kb2 Rxc2+ 33. Ka3 Rc3 34. Kb4 Rh3 35. Rh7+ Kc6 36. Rh6+ Kc7 37. Rh7+ Kb6 38. a5+ Ka6 39. Rh6+ Nc6+ 40. Ka4 Rh4+ 41. Ka3 Kxa5 42. Rh8 Kb6 43. h6 a6 44. h7 Ka7 45. Kb2 Nb8 46. Kc3 Nd7 47. b4 Nf6 48. Rf8 Nxh7 49. Rh8 Rh3+ 50. Kc4 Ng5 0-1


[Site "https://www.chess.com"]

[Event "Titled Tuesday Blitz April 4 Early 2023"]
[White "Vaibhav Jayant Raut"]
[Black "Sargissyan, Sargis"]
[WhiteFideId "5089034"]
[BlackFideId "13303210"]
[WhiteElo "2156"]
[BlackElo "2109"]
[Result "1-0"]
[Round "03"]
[TimeControl "180+2"]
[Date "2023.04.04"]
[WhiteClock "0:01:37"]
[BlackClock "0:00:19"]

1. c4 e5 2. g3 Nf6 3. Bg2 d5 4. cxd5 Nxd5 5. Nf3 Nc6 6. O-O Be7 7. d4 e4 8. Ne5 f5 9. Nxc6 bxc6 10. a3 O-O 11. Qc2 Qd6 12. Nc3 Be6 13. Nxd5 cxd5 14. Bf4 Qb6 15. Qxc7 Qxc7 16. Bxc7 Rfc8 17. Rac1 Kf7 18. e3 Bd7 19. Rc3 Bb5 20. Rfc1 Ke6 21. Bf1 Bxf1 22. Kxf1 Kd7 23. Be5 g6 24. Rc7+ Rxc7 25. Rxc7+ Ke6 26. b4 a5 27. b5 Bxa3 28. b6 1-0


[Site "https://www.chess.com"]

[Event "Titled Tuesday Blitz April 4 Early 2023"]
[White "Ronka, Erik"]
[Black "Toropov, Pavel"]
[WhiteFideId "505080"]
[BlackFideId "24129178"]
[WhiteElo "2264"]
[BlackElo "2182"]
[Result "0-1"]
[Round "03"]
[TimeControl "180+2"]
[Date "2023.04.04"]
[WhiteClock "0:00:04"]
[BlackClock "0:00:12"]

1. d4 d5 2. Nf3 c6 3. g3 Nf6 4. Bg2 Bg4 5. O-O Nbd7 6. c4 e6 7. h3 Bxf3 8. Bxf3 Be7 9. Nd2 O-O 10. e4 a5 11. e5 Ne8 12. cxd5 cxd5 13. Re1 Nb8 14. Nf1 Nc6 15. Be3 Nc7 16. Be2 Na6 17. a3 Qb6 18. Rb1 Nc7 19. g4 a4 20. Qd3 Qb3 21. Qd2 Qb6 22. Qd3 Na5 23. f4 Nc4 24. Bf2 f5 25. gxf5 exf5 26. Ng3 g6 27. Bf3 Qc6 28. Rec1 b5 29. Ne2 Rfd8 30. Kg2 Ne6 31. h4 h5 32. Kh2 Kf7 33. Bxh5 Ng7 34. Bf3 Rh8 35. Nc3 Rad8 36. b3 axb3 37. Rxb3 Bxh4 38. Bxh4 Rxh4+ 39. Kg3 g5 40. Rxb5 gxf4+ 41. Kg2 Qg6+ 42. Kf1 Ne3+ 43. Ke1 Qg1+ 44. Kd2 Rh2+ 45. Ne2 Nc4+ 46. Rxc4 dxc4 47. Qxc4+ Kg6 48. Rb6+ Kh7 49. Qd3 Rxd4 50. Rd6 Qe3+ 51. Kc2 Rxd3 52. Rxd3 Rxe2+ 53. Bxe2 Qxe2+ 54. Kc3 Qxe5+ 0-1


[Site "https://www.chess.com"]

[Event "Titled Tuesday Blitz April 4 Early 2023"]
[White "Maxfan2008"]
[Black "Skliarov, Viktor"]
[BlackFideId "14106736"]
[WhiteElo "2434"]
[BlackElo "2317"]
[Result "0-1"]
[Round "03"]
[TimeControl "180+2"]
[Date "2023.04.04"]
[WhiteClock "0:00:16"]
[BlackClock "0:00:19"]

1. d4 Nf6 2. c4 e6 3. Nc3 Bb4 4. Nf3 b6 5. e3 Bb7 6. Bd3 Bxc3+ 7. bxc3 Ne4 8. Qc2 f5 9. O-O O-O 10. c5 bxc5 11. Ba3 Ng5 12. Nd2 Nh3+ 13. Kh1 Qh4 14. f3 Nf2+ 15. Kg1 Nxd3 16. Qxd3 d6 17. dxc5 Ba6 18. c4 d5 19. Rfc1 Nc6 20. Qc2 Rae8 21. Qa4 Bb7 22. Rab1 Ba8 23. f4 d4 24. Nf3 Qg4 25. Qd1 dxe3 26. g3 Rd8 27. Qf1 Nd4 28. Nxd4 Rxd4 29. c6 Re8 30. Bc5 e2 31. Qe1 Re4 32. Rb7 Rxf4 33. Bf2 Rxc4 34. Rcb1 Rxc6 35. Rxa7 Rd6 0-1


[Site "https://www.chess.com"]